 Dungeon Crawl Stone Soup version 0.20.0-10-g0535bb4 (webtiles) character file.

30 maniacrov the Firebug (level 3, -1/19 HPs)
             Began as a Deep Elf Fire Elementalist on June 7, 2017.
             Slain by a jackal (3 damage)
             ... on level 1 of the Dungeon.
             The game lasted 00:03:12 (358 turns).

maniacrov the Firebug (Deep Elf Fire Elementalist)   Turns: 358, Time: 00:03:13

Health: -1/19      AC:  4    Str:  7    XL:     3   Next: 5%
Magic:  0/9        EV: 13    Int: 20    God:
Gold:   42         SH:  0    Dex: 15    Spells: 7/8 levels left

rFire    . . .     SeeInvis .   g - +0 dagger
rCold    . . .     Gourm    .   (no shield)
rNeg     + . .     Faith    .   a - +0 robe
rPois    +         Spirit   .   (helmet restricted)
rElec    .         Reflect  .   (no cloak)
rCorr    .         Harm     .   (no gloves)
MR       .....                  e - +1 pair of boots
Stlth    ++........             (no amulet)
Regen    0.1/turn               d - ring of positive energy
MPRegen  0.2/turn               f - ring of poison resistance

@: no status effects
A: antennae 1, blink, strong 1, evolution 1
a: Blink


You were on level 1 of the Dungeon.
You were not hungry.

You visited 1 branch of the dungeon, and saw 1 of its levels.

You collected 42 gold pieces.

Inventory:

Hand Weapons
 g - a +0 dagger (weapon)
Armour
 a - a +0 robe (worn)
 e - a +1 pair of boots (worn)
Jewellery
 d - a ring of positive energy (left hand)
 f - a ring of poison resistance (right hand)
Books
 b - a book of Flames

   Spells                             Type                      Level
   a - Flame Tongue                   Conjuration/Fire             1
   b - Throw Flame                    Conjuration/Fire             2
   c - Conjure Flame                  Conjuration/Fire             3
   d - Inner Flame                    Hexes/Fire                   3
   e - Sticky Flame                   Conjuration/Fire             4
   f - Fireball                       Conjuration/Fire             5
Comestibles
 c - a bread ration


   Skills:
 + Level 2.6 Dodging
 + Level 3.2 Stealth
 + Level 3.1 Spellcasting
 + Level 1.5 Conjurations
 + Level 3.8 Fire Magic


You had 7 spell levels left.
You knew the following spells:

 Your Spells              Type           Power        Failure   Level  Hunger
a - Flame Tongue          Conj/Fire      ##...        4%          1    None


Dungeon Overview and Level Annotations

Branches:
Dungeon (1/15)

Altars:


Innate Abilities, Weirdness & Mutations

You have a pair of small antennae on your head.
You can translocate small distances at will.
Your muscles are strong. (Str +2)
You evolve.


Message History

You hit the rat.
You kill the rat!
The jackal bites you but does no damage.
The rat barely misses you. The jackal closely misses you.
You hit the jackal but do no damage. The rat barely misses you.
The jackal closely misses you.
You closely miss the jackal. The jackal barely misses you. The rat misses you.
You barely miss the jackal. The jackal misses you.
The rat completely misses you. The jackal closely misses you.
You barely miss the jackal. The jackal bites you.
* * * LOW HITPOINT WARNING * * *
The rat bites you but does no damage.
Casting: Flame Tongue
Confirm with . or Enter, or press ? or * to list all spells.
Aiming: Flame Tongue
Press: ? - help, Shift-Dir - straight line, f - jackal
Aim: a jackal The flame tongue hits the jackal.
The jackal appears unharmed.
The jackal bites you.
You die...

....... ....... .......
#########†...... .........#
#..........h....
........####........##+#
...............†...##.#
......####...h....##.# #
...........@†....##.# #
...#####...r..####.###
#######.######.............#
...................>.###...######
#.####.................#.........
#.####.#...######......#.........
..†....+...... ........#.........
##.###.#......###............####
. .###'#......# #..........).#


You could see a jackal and a rat.

Vanquished Creatures
  An ooze (D:1)
  A dart slug (D:1)
  2 leopard geckos (D:1)
  2 giant cockroaches (D:1)
  2 goblins (D:1)
  4 jackals (D:1)
  5 bats (D:1)
  2 frilled lizards (D:1)
  A kobold (D:1)
  2 rats (D:1)
22 creatures vanquished.

Notes
Turn   | Place    | Note
-------+----------+-------------------------------------------
     0 | D:1      | maniacrov the Deep Elf Fire Elementalist began the quest for the Orb.
     0 | D:1      | Reached XP level 1. HP: 10/10 MP: 6/6
   176 | D:1      | Reached XP level 2. HP: 12/15 MP: 5/8
   338 | D:1      | Reached XP level 3. HP: 11/19 MP: 1/9
   347 | D:1      | Gained mutation: Your muscles are strong. (Str +2) [potion of mutation]
   347 | D:1      | Gained mutation: You can translocate small distances at will. [potion of mutation]
   347 | D:1      | Gained mutation: You evolve. [potion of mutation]
   347 | D:1      | Gained mutation: You have a pair of small antennae on your head. [potion of mutation]
   358 | D:1      | Slain by a jackal

Skill      XL: |  1  2 |
---------------+-------+-----
Stealth        | 3 |  3.2
Dodging        | |  2.6
Spellcasting   | |  3.1
Conjurations   | |  1.5
Fire Magic     | |  3.8

Action                   || total
-------------------------++-------
Melee: Unarmed           ||     7
       Dagger            ||    17
 Cast: Flame Tongue      ||    29
 Abil: Blink             ||     1
  Use: Scroll            ||     3
       Potion            ||     1
Armor: Robe              ||    14
Dodge: Dodged            ||    34
